 Dungeon Crawl Stone Soup version 0.17-a0-1778-gd369669 (webtiles) character file.

189394 matakusis the Grim Reaper (level 17, -6/199 HPs)
             Began as a Demonspawn Gladiator on Sept 5, 2015.
             Was the Champion of Yredelemnul.
             Splashed by an acid blob's acid (8 damage)
             ... on level 5 of the Pits of Slime on Sept 8, 2015.
             The game lasted 03:40:00 (33189 turns).

matakusis the Grim Reaper (Demonspawn Gladiator)   Turns: 33189, Time: 03:40:03

Health: -6/199     AC:  8    Str: 17    XL:     17   Next: 20%
Magic:  0/37       EV:  2    Int:  8    God:    Yredelemnul [******]
Gold:   1803       SH:  0    Dex: 22    Spells: 0 memorised, 16 levels left

rFire  x . .     SeeInvis +     x - +9 demon trident (elec)
rCold  + . .     Clarity  .     (armour currently unavailable)
rNeg   + + +     SustAt   .     H - +0 large shield
rPois  +         Gourm    .     (helmet unavailable)
rElec  .         Spirit   +     (cloak currently unavailable)
rCorr  .         Warding  .     (gloves currently unavailable)
rMut   .         NoTele   +     (boots currently unavailable)
MR     ++...                    k - amulet "Goet" {Spirit rPois MP+9}
Stlth  ++........               X - ring of ice
                                V - ring of see invisible

@: confused, agile, tree-form, corroded equipment, very slightly contaminated,
studying Crossbows, very resistant to hostile enchantments, unstealthy
A: (horns 0), (iridescent scales 0), clumsy 1, demonic guardian 2, dopey 1,
magic resistance 1, powered by pain 2, augmentation 2, MP-powered wands
a: Animate Dead, Recall Undead Slaves, Injury Mirror, Drain Life, Enslave Soul,
Renounce Religion
}: 2/15 runes: barnacled, gossamer


You were on level 5 of the Pits of Slime.
You worshipped Yredelemnul.
Yredelemnul was exalted by your worship.
You were not hungry.
You were a tree.
You visited 6 branches of the dungeon, and saw 32 of its levels.

You collected 1803 gold pieces.

Inventory:

Hand weapons
 w - a +2 war axe of chopping
 x - a +9 demon trident of electrocution (weapon)
Missiles
 d - 13 throwing nets (quivered)
 G - 4 poisoned javelins
Armour
 m - a +5 scale mail (melded)
 n - the +1 leather armour "Omooterr" {rF+}
   (You found it on level 1 of the Spider Nest)

   It protects you from fire.
 y - a +0 cloak (melded)
 H - a +0 large shield (worn)
 L - a +1 chain mail of poison resistance
 Y - a quicksilver dragon armour
Jewellery
 f - an uncursed amulet of stasis
 k - the amulet "Goet" (around neck) {Spirit rPois MP+9}
   (You found it on level 4 of the Spider Nest)

   [amulet of guardian spirit]

   It causes incoming damage to be split between your health and magic.
   It protects you from poison.
   It affects your magic capacity (+9).
 V - a ring of see invisible (left branch)
 X - a ring of ice (right branch)
Magical devices
 p - a wand of slowing (33)
 v - a wand of random effects (36)
 K - a wand of paralysis (12)
 U - a wand of lightning (3)
 Z - a wand of confusion (24)
Scrolls
 c - a scroll of blinking
 h - 6 scrolls of enchant armour
 i - 10 scrolls of identify
 j - a scroll of magic mapping
 r - 6 scrolls of teleportation
 u - 2 scrolls of enchant weapon
 E - a scroll of silence
 I - 8 scrolls of remove curse
 N - 4 scrolls of immolation
 R - 5 scrolls of fog
 T - 4 scrolls of recharging
Potions
 o - a potion of might
 B - 2 potions of cancellation
 F - a potion of haste
 J - 4 potions of magic
 M - 3 potions of resistance
 O - a potion of agility
 W - a potion of berserk rage
Books
 b - a manual of Crossbows
Miscellaneous
 a - a sack of spiders {used: 1}
 D - a lantern of shadows
 Q - a crystal ball of energy
Comestibles
 e - 2 bread rations
 g - 11 beef jerkies
 l - 11 slices of pizza
 q - 13 meat rations


   Skills:
 + Level 12.2 Fighting
 - Level 12.4(12.9) Axes
 + Level 5.7(10.0) Polearms
 - Level 1.7 Throwing
 + Level 10.7 Armour
 * Level 14.4 Dodging
 * Level 10.5 Shields
 + Level 15.3 Invocations


You had 16 spell levels left.
You didn't know any spells.

Dungeon Overview and Level Annotations

Branches:
Dungeon (10/15)            Temple (1/1) D:4            Lair (8/8) D:10
 Shoals (4/4) Lair:4       Spider (4/4) Lair:4        Slime (5/6) Lair:7
    Orc: D:9-12

Altars:
Ashenzari
Cheibriados
Dithmenos
Elyvilon
Fedhas
Gozag
Kikubaaqudgha
Makhleb
Nemelex Xobeh
Okawaru
Qazlal
Ru
Sif Muna
Trog
Vehumet
Xom
Yredelemnul
Zin
The Shining One
Lugonu

Annotations:
D:3 exclusion: oklob plant


Innate Abilities, Weirdness & Mutations

((You have a pair of large horns on your head.))
((You are completely covered in iridescent scales (AC +8).))
A demonic guardian rushes to your aid.
You sometimes gain power by taking damage.
Your magical and physical power is enhanced at high health.
You are clumsy. (Dex -2)
You are dopey. (Int -2)
You are resistant to hostile enchantments.
You expend magic power (3 MP) to strengthen your wands.


Message History

* * * LOW HITPOINT WARNING * * *
The shining eye gazes at you.
Strange energies course through your body.
You feel your magical essence link to your wands.
The acid blob misses you.
You're too confused!
Drink which item? (? for menu, Esc to quit)
You turn into a tree.
Your +0 cloak melds into your body.
Your +5 scale mail melds into your body.
Your roots penetrate the ground.
The acid blob spits acid at you. The splash of acid hits you!
* * * LOW HITPOINT WARNING * * *
The acid corrodes you!
The acid burns!
* * * LOW HITPOINT WARNING * * *
The acid blob hits you!
* * * LOW HITPOINT WARNING * * *
You are splashed with acid!
The acid burns!
You die...
Your body rises from the dead as a mindless zombie.

,,,,,,*,,,,,,,,,,,,,***,,,**,**
*,............##...**#G.,*,,,,*
*,............#.#.#*#...*,,,,**
**,...............##....,,,***
**,#..................#*,**
***##.....>...........##*,**
*#.#...................#,,,*
,..............J........*,**
,.........<....J♣..#,,,,,**
*.#............J...#,,,,**
**#............J..#.....*
##.###.#.............#* #**
####..##...##.### #####....**#
*#....#** *......,** *.......,*


You could see 2 acid blobs, a large slime creature, a slime creature and a
shining eye.

Vanquished Creatures
  3 acid blobs
  The ghost of 4thArraOfDagon the Brawler, a mighty TrCK of Cheibriados (Shoals:1)
  Ilsuiw (Shoals:4)
  2 azure jellies
  4 ghost moths
  2 emperor scorpions
  3 merfolk impalers
  2 entropy weavers
  2 hydras
  A merfolk avatar (Shoals:4)
  A catoblepas (Lair:8)
  A merfolk aquamancer (Shoals:4)
  2 death yaks (Lair:8)
  8 sea snakes
  Pikel (D:5)
  2 hornets
  3 cyclopes (Shoals:4)
  4 harpies
  4 orb spiders
  A griffon (Shoals:4)
  A faun (Shoals:4)
  2 shining eyes
  12 wolf spiders
  A siren (Shoals:3)
  5 water nymphs
  3 manticores
  6 black mambas
  3 torpor snails
  3 spiny frogs
  3 komodo dragons
  3 fire drakes
  2 demonic crawlers (Spider:4)
  5 merfolk
  2 trolls
  Grinder (D:5)
  7 jumping spiders
  4 blink frogs
  30 slime creatures
  2 flying skulls (Lair:3)
  7 trapdoor spiders
  A snapping turtle (Shoals:4)
  23 redbacks
  A deep elf mage (D:10)
  22 yaks
  5 water elementals
  A basilisk (Lair:4)
  6 hippogriffs
  A hungry ghost (D:9)
  7 tarantellas
  A steam dragon (Lair:5)
  A wyvern (Lair:8)
  A human (D:8)
  A soldier ant (D:7)
  9 wolves
  7 water moccasins
  An orc warrior (D:7)
  2 necrophages
  A spiny frog zombie (Lair:3)
  3 eyes of draining
  8 spiders
  8 porcupines
  A sky beast (D:10)
  A wasp (Spider:4)
  2 phantoms
  An ice beast (D:7)
  2 ogres (D:4)
  5 centaurs
  12 crocodiles
  12 giant frogs
  2 big kobolds (D:6)
  2 wyvern skeletons (D:8)
  6 wights
  17 jellies
  2 quasits
  4 crimson imps
  A giant frog zombie (D:7)
  A hound (D:5)
  A giant frog skeleton (D:6)
  7 orc wizards
  A centaur skeleton (D:5)
  6 iguanas
  2 orc priests
  6 worker ants
  17 sheep
  3 hound skeletons
  A hound zombie (D:5)
  2 worker ant zombies
  Robin (D:3)
  2 gnolls (D:6)
  8 adders
  51 river rats
  3 adder zombies
  7 oozes
  An adder skeleton (D:4)
  A worm (D:4)
  7 giant geckos
  22 orcs
  2 ball pythons
  9 bats
  A bat zombie (D:2)
  10 giant cockroaches
  34 goblins
  30 hobgoblins
  11 jackals
  A giant gecko skeleton (D:6)
  4 giant newts
  7 kobolds
  5 quokkas
  10 rats
  A rat zombie (D:2)
  A river rat zombie (Lair:3)
  3 butterflies (D:7)
  10 fungi
  9 plants
628 creatures vanquished.

Vanquished Creatures (collateral kills)
  7 acid blobs
  Polyphemus (Shoals:3)
  Gastronok (Lair:3)
  Frances (Shoals:2)
  Roxanne (Spider:3)
  An azure jelly (Slime:1)
  A ghost moth (Spider:4)
  3 emperor scorpions
  Nessos (Lair:5)
  8 merfolk impalers
  7 merfolk javelineers
  Erolcha (D:10)
  A great orb of eyes (Slime:2)
  3 entropy weavers
  A satyr (Shoals:4)
  Erica (D:9)
  A catoblepas (Shoals:3)
  6 merfolk avatars
  8 hydras
  A centaur warrior (Shoals:4)
  6 merfolk aquamancers
  10 death yaks
  The ghost of 4thArraOfDagon the Cleaver, an experienced DDBe of Trog (D:9)
  10 sea snakes
  A hill giant (D:10)
  12 harpies
  3 griffons
  15 wolf spiders
  8 fauns
  7 orb spiders
  3 hornets
  2 cyclopes
  5 sirens
  3 black mambas
  3 shining eyes
  3 manticores
  3 water nymphs (Shoals:4)
  15 elephants
  Joseph (D:7)
  3 moths of wrath
  Psyche (D:9)
  A torpor snail (Spider:3)
  A centaur skeleton (D:9)
  An eye of devastation (Slime:5)
  9 demonic crawlers
  8 spiny frogs
  2 fire drakes
  3 komodo dragons
  3 wind drakes
  25 merfolk
  A boulder beetle (Lair:8)
  6 blink frogs
  4 polar bears (Lair:5)
  9 jumping spiders
  3 snapping turtles
  55 slime creatures
  21 redbacks
  7 trapdoor spiders
  7 tarantellas
  7 water elementals
  24 yaks
  A basilisk (Lair:8)
  Grum (Lair:1)
  4 wolves
  4 hippogriffs
  5 golden eyes (Slime:3)
  An orc warrior (D:10)
  A porcupine (Lair:6)
  8 water moccasins
  7 spiders
  3 wasps (Spider:4)
  A sky beast (D:7)
  2 eyes of draining
  3 centaurs
  An ice beast (D:10)
  3 ogres (D:7)
  5 crocodiles
  7 giant frogs
  A scorpion (D:10)
  3 wights (D:9)
  6 electric eels
  9 jellies
  A hound (D:4)
  2 orc wizards
  Ijyb (D:2)
  2 iguanas
  8 sheep
  4 worker ants
  A hound skeleton (D:6)
  An adder (D:10)
  28 river rats
  A gnoll (D:6)
  An ooze (Lair:7)
  9 orcs
  4 giant cockroaches
  A hobgoblin (D:6)
  4 bats (D:10)
  2 jackals (D:3)
  A rat (D:10)
  2 bushes
  A butterfly (D:7)
  51 fungi
  59 plants
627 creatures vanquished.

Vanquished Creatures (others)
  A profane servitor (Slime:5)
  4 vampire knights
  3 death yaks
  2 ghost moth zombies (Spider:4)
  6 flayed ghosts
  7 wolf spider zombies
  A phantasmal warrior (Lair:7)
  5 sea snake zombies
  A spectral merfolk (Shoals:3)
  10 redback zombies
  2 demonic crawler zombies
  6 harpy zombies
  4 tarantella zombies
  6 jumping spider zombies (Spider:4)
  A trapdoor spider zombie (Spider:3)
  2 black mamba zombies (Lair:5)
  11 flying skulls
  4 vampires
  2 wraiths
  3 merfolk zombies
  3 orb spider zombies
  2 spiny frog zombies
  3 elephant zombies (Lair:5)
  A manticore zombie (Shoals:3)
  A slave (D:5)
  2 fire drake zombies (Lair:5)
  A centaur (D:6)
  A wyvern zombie (Lair:8)
  A spider zombie (Spider:4)
  2 water moccasin zombies
  2 yak zombies (Lair:5)
  A polar bear zombie (Lair:5)
  2 hippogriff zombies
  2 wights
  3 wolf zombies
  2 giant frog zombies (D:6)
  A human zombie (D:7)
  A basilisk zombie (Lair:8)
  3 centaur zombies
  A centaur skeleton (D:5)
  An ogre zombie (D:7)
  A big kobold zombie (D:6)
  A necrophage skeleton (D:6)
  A mummy (Lair:1)
  3 adder zombies
  3 electric eel zombies
  An iguana zombie (Lair:6)
  An orc zombie (D:8)
  3 sheep zombies (Lair:1)
  A ball python (D:5)
  2 bat zombies (D:10)
  A hobgoblin (D:6)
  A goblin zombie (D:6)
  3 hobgoblin zombies (D:6)
  A jackal zombie (D:6)
  A quokka skeleton (D:5)
  12 river rat zombies
  5 fungi
  21 plants
179 creatures vanquished.

Grand Total: 1434 creatures vanquished

Notes
Turn   | Place    | Note
--------------------------------------------------------------
     0 | D:1      | matakusis the Demonspawn Gladiator began the quest for the Orb.
     0 | D:1      | Reached XP level 1. HP: 16/16 MP: 1/1
   207 | D:1      | Gained mutation: A weak demonic guardian rushes to your aid. [demonic ancestry]
   207 | D:1      | Reached XP level 2. HP: 9/22 MP: 2/2
   287 | D:1      | Reached skill level 3 in Axes
   680 | D:1      | Gained mutation: You have a pair of small horns on your head. [demonic ancestry]
   680 | D:1      | Reached XP level 3. HP: 24/27 MP: 3/3
  1192 | D:2      | You fall through a shaft for 2 floors!
  1262 | D:3      | Gained mutation: You have a pair of horns on your head. [demonic ancestry]
  1262 | D:3      | Reached XP level 4. HP: 23/34 MP: 4/4
  1267 | D:3      | Reached skill level 1 in Armour
  1473 | D:2      | Noticed Ijyb
  1479 | D:2      | Killed Ijyb
  1479 | D:2      | Reached skill level 4 in Dodging
  1563 | D:2      | Found a sparkling altar of Nemelex Xobeh.
  1564 | D:2      | Found an opulent altar of Gozag.
  1631 | D:2      | Found an ancient bone altar of Kikubaaqudgha.
  1977 | D:3      | Gained mutation: You are partially covered in iridescent scales (AC +4). [demonic ancestry]
  1977 | D:3      | Reached XP level 5. HP: 39/39 MP: 5/5
  2120 | D:3      | Found a blossoming altar of Fedhas.
  2147 | D:3      | Noticed an oklob plant
  2428 | D:3      | Noticed Robin
  2440 | D:3      | Killed Robin
  2637 | D:4      | Noticed an ogre
  2643 | D:4      | Killed an ogre
  2688 | D:4      | Found a basalt altar of Yredelemnul.
  2698 | D:4      | Became a worshipper of Yredelemnul the Dark
  2722 | D:4      | Noticed a centaur
  2732 | D:4      | Killed a centaur
  2732 | D:4      | Gained mutation: You sometimes gain a little power by taking damage. [demonic ancestry]
  2732 | D:4      | Reached XP level 6. HP: 38/47 MP: 6/6
  2910 | D:4      | Reached skill level 5 in Dodging
  2926 | D:4      | Noticed an ogre
  2932 | D:4      | Killed an ogre
  3107 | D:4      | Found a bloodstained altar of Trog.
  3212 | D:4      | Found a staircase to the Ecumenical Temple.
  3221 | Temple   | Entered the Ecumenical Temple
  3314 | D:4      | Gained mutation: You sometimes gain power by taking damage. [demonic ancestry]
  3314 | D:4      | Reached XP level 7. HP: 52/52 MP: 7/7
  3466 | D:5      | Entered Level 5 of the Dungeon
  3517 | D:5      | Noticed Grinder
  3531 | D:5      | Killed Grinder
  3538 | D:5      | Noticed Pikel
  3557 | D:5      | Killed Pikel
  3557 | D:5      | Reached skill level 5 in Axes
  3557 | D:5      | Reached skill level 6 in Dodging
  3557 | D:5      | Gained mutation: You are mostly covered in iridescent scales (AC +6). [demonic ancestry]
  3557 | D:5      | Reached XP level 8. HP: 31/61 MP: 8/8
  3793 | D:5      | Found a shadowy altar of Dithmenos.
  3812 | D:5      | Found a deep blue altar of Sif Muna.
  3827 | D:5      | Acquired Yredelemnul's first power
  4137 | D:5      | Found a sacrificial altar of Ru.
  4154 | D:5      | Found a burning altar of Makhleb.
  4155 | D:5      | Found a shimmering altar of Xom.
  4521 | D:6      | Reached skill level 7 in Dodging
  5071 | D:6      | Acquired Yredelemnul's second power
  5114 | D:6      | Gained mutation: You have a pair of large horns on your head. [demonic ancestry]
  5114 | D:6      | Reached XP level 9. HP: 47/67 MP: 9/9
  5117 | D:6      | Reached skill level 5 in Fighting
  5174 | D:6      | Reached skill level 1 in Invocations
  5475 | D:6      | Reached skill level 8 in Dodging
  5605 | D:6      | Found a white marble altar of Elyvilon.
  6209 | D:7      | Found a snail-covered altar of Cheibriados.
  6700 | D:7      | Noticed Joseph
  6725 | D:7      | Killed Joseph
  6841 | D:7      | Found a runed door.
  6853 | D:7      | Found a runed door.
  6931 | D:7      | Acquired Yredelemnul's third power
  7127 | D:7      | Your ally Joseph died
  7215 | D:8      | Got a brightly glowing long sword
  7216 | D:8      | Identified the +7 long sword of Gozag's Esteem {freeze, +Inv MR+} (You found it on level 8 of the Dungeon)
  7217 | D:8      | Upgraded the game from 0.17-a0-1763-g847a857 to 0.17-a0-1767-gccbed74
  7248 | D:8      | Reached skill level 9 in Dodging
  7450 | D:8      | Gained mutation: Your magical and physical power is slightly enhanced at high health. [demonic ancestry]
  7450 | D:8      | Reached XP level 10. HP: 58/76 MP: 13/13
  7460 | D:8      | Found a sparkling altar of Nemelex Xobeh.
  7508 | D:8      | Reached skill level 5 in Armour
  7508 | D:8      | Received a gift from Yredelemnul
  7510 | D:8      | Reached skill level 5 in Invocations
  7764 | D:9      | Noticed Erica
  7768 | D:9      | Noticed 4thArraOfDagon's ghost (experienced DDBe)
  7774 | D:9      | Killed Erica
  7784 | D:9      | Killed 4thArraOfDagon's ghost
  7956 | D:9      | Noticed Psyche
  7957 | D:9      | Received a gift from Yredelemnul
  7962 | D:9      | Killed Psyche
  8263 | D:10     | Entered Level 10 of the Dungeon
  8263 | D:10     | Noticed Erolcha
  8266 | D:10     | Killed Erolcha
  8337 | D:10     | Reached skill level 10 in Dodging
  8404 | D:10     | Found a staircase to the Lair.
  8448 | D:10     | Acquired Yredelemnul's fourth power
  8448 | D:10     | Received a gift from Yredelemnul
  8527 | D:10     | Gained mutation: You are frail (-10% HP). [potion of mutation]
  8527 | D:10     | Gained mutation: You can spit weak poison. [potion of mutation]
  8527 | D:10     | Gained mutation: You are covered in fur (AC +1). [potion of mutation]
  8767 | D:10     | Noticed a hill giant
  8774 | D:10     | Killed a hill giant
  8774 | D:10     | Reached XP level 11. HP: 53/74 MP: 15/15
  8874 | Lair:1   | Entered Level 1 of the Lair of Beasts
  8877 | Lair:1   | Noticed Grum
  8883 | Lair:1   | Received a gift from Yredelemnul
  8886 | Lair:1   | Killed Grum
  9040 | Lair:1   | Killed a five-headed hydra
  9436 | Lair:1   | Acquired Yredelemnul's fifth power
  9944 | Lair:2   | Received a gift from Yredelemnul
 10199 | Lair:2   | Noticed an eight-headed hydra
 10503 | Lair:2   | Killed a 13-headed hydra
 10914 | Lair:3   | Lost mutation: You can spit weak poison. [potion of cure mutation]
 10914 | Lair:3   | Lost mutation: You are covered in fur (AC +1). [potion of cure mutation]
 10914 | Lair:3   | Lost mutation: You are frail (-10% HP). [potion of cure mutation]
 11013 | Lair:3   | Gained mutation: A demonic guardian rushes to your aid. [demonic ancestry]
 11013 | Lair:3   | Reached XP level 12. HP: 94/94 MP: 17/17
 11068 | Lair:3   | Noticed an eight-headed hydra
 11073 | Lair:3   | Killed a ten-headed hydra
 11265 | Lair:3   | Received a gift from Yredelemnul
 11319 | Lair:3   | Reached skill level 11 in Dodging
 11532 | Lair:3   | Noticed a six-headed hydra
 11541 | Lair:3   | Killed an eight-headed hydra
 11796 | Lair:3   | Found a radiant altar of Vehumet.
 12158 | Lair:3   | Noticed Gastronok
 12180 | Lair:3   | Killed Gastronok
 12180 | Lair:3   | Reached skill level 10 in Axes
 12533 | Lair:3   | Received a gift from Yredelemnul
 12694 | Lair:4   | Found a staircase to the Shoals.
 12697 | Lair:4   | Reached skill level 1 in Shields
 12793 | Lair:4   | Found a hole to the Spider Nest.
 12995 | Lair:4   | Noticed an eight-headed hydra
 13002 | Lair:4   | Killed a ten-headed hydra
 13030 | Lair:4   | Noticed a six-headed hydra
 13040 | Lair:4   | Killed an eight-headed hydra
 13799 | Lair:5   | Received a gift from Yredelemnul
 13843 | Lair:5   | Noticed a five-headed hydra
 13848 | Lair:5   | Killed a seven-headed hydra
 13848 | Lair:5   | Gained mutation: You are completely covered in iridescent scales (AC +8). [demonic ancestry]
 13848 | Lair:5   | Reached XP level 13. HP: 60/101 MP: 20/20
 13850 | Lair:5   | Reached skill level 10 in Invocations
 13988 | Lair:5   | Received a gift from Yredelemnul
 13996 | Lair:5   | Noticed Nessos
 14010 | Lair:5   | Killed Nessos
 14208 | Lair:5   | Received a gift from Yredelemnul
 14636 | Lair:5   | Noticed an eight-headed hydra
 14646 | Lair:5   | Killed a ten-headed hydra
 14858 | Lair:5   | Received a gift from Yredelemnul
 15172 | Lair:6   | Received a gift from Yredelemnul
 15493 | Lair:6   | Reached skill level 12 in Dodging
 15674 | Lair:7   | Found a staircase to the Slime Pits.
 15729 | Lair:7   | Received a gift from Yredelemnul
 16075 | Lair:7   | Received a gift from Yredelemnul
 16468 | Lair:8   | Entered Level 8 of the Lair of Beasts
 16644 | Lair:8   | Received a gift from Yredelemnul
 16869 | Lair:8   | Reached skill level 10 in Fighting
 17202 | Lair:8   | Reached XP level 14. HP: 110/110 MP: 22/22
 17271 | Lair:8   | Reached skill level 5 in Shields
 17837 | Spider:1 | Entered Level 1 of the Spider Nest
 18331 | Spider:1 | Noticed an emperor scorpion
 18344 | Spider:1 | Killed an emperor scorpion
 18620 | Spider:1 | Got a twisted leather armour
 18621 | Spider:1 | Identified the +1 leather armour "Omooterr" {rF+} (You found it on level 1 of the Spider Nest)
 19173 | Spider:1 | Received a gift from Yredelemnul
 20099 | Spider:2 | Noticed an emperor scorpion
 20111 | Spider:2 | Killed an emperor scorpion
 20151 | Spider:2 | Received a gift from Yredelemnul
 20739 | Spider:3 | Noticed Roxanne
 20739 | Spider:3 | Noticed a ghost moth
 20979 | Spider:3 | Killed a ghost moth
 21080 | Spider:3 | Received a gift from Yredelemnul
 21219 | Spider:3 | Killed Roxanne
 21718 | Spider:3 | Received a gift from Yredelemnul
 21879 | Spider:4 | Entered Level 4 of the Spider Nest
 21931 | Spider:4 | Reached skill level 13 in Invocations
 21984 | Spider:4 | Gained mutation: You are resistant to hostile enchantments. [potion of beneficial mutation]
 21986 | Spider:4 | Noticed a ghost moth
 21999 | Spider:4 | Killed a ghost moth
 22176 | Spider:4 | Noticed a ghost moth
 22187 | Spider:4 | Killed a ghost moth
 22187 | Spider:4 | Gained mutation: Your magical and physical power is enhanced at high health. [demonic ancestry]
 22187 | Spider:4 | Reached XP level 15. HP: 81/117 MP: 0/24
 22199 | Spider:4 | Received a gift from Yredelemnul
 22580 | Spider:4 | Received a gift from Yredelemnul
 22609 | Spider:4 | Noticed a ghost moth
 22614 | Spider:4 | Killed a ghost moth
 22997 | Spider:4 | Received a gift from Yredelemnul
 23364 | Spider:4 | Noticed an emperor scorpion
 23365 | Spider:4 | Noticed a ghost moth
 23365 | Spider:4 | Noticed an emperor scorpion
 23365 | Spider:4 | Noticed an emperor scorpion
 23414 | Spider:4 | Killed a ghost moth
 23429 | Spider:4 | Killed an emperor scorpion
 23430 | Spider:4 | Killed an emperor scorpion
 23447 | Spider:4 | Killed an emperor scorpion
 23783 | Spider:4 | Got a twitching silver amulet
 23784 | Spider:4 | Identified the amulet "Goet" {Spirit rPois MP+9} (You found it on level 4 of the Spider Nest)
 23941 | Spider:4 | Got a gossamer rune of Zot
 24186 | Shoals:1 | Entered Level 1 of the Shoals
 24894 | Shoals:1 | Received a gift from Yredelemnul
 25166 | Shoals:1 | Reached skill level 10 in Armour
 25183 | Shoals:1 | Noticed 4thArraOfDagon's ghost (mighty TrCK)
 25204 | Shoals:1 | Killed 4thArraOfDagon's ghost
 25214 | Shoals:1 | Received a gift from Yredelemnul
 25838 | Shoals:2 | Noticed Frances
 25844 | Shoals:2 | Killed Frances
 25874 | Shoals:2 | Reached skill level 14 in Invocations
 26083 | Shoals:2 | Received a gift from Yredelemnul
 26278 | Shoals:2 | Received a gift from Yredelemnul
 26491 | Shoals:3 | Noticed Polyphemus
 26628 | Shoals:3 | Reached skill level 1 in Polearms
 26649 | Shoals:3 | Killed Polyphemus
 26650 | Shoals:3 | HP: 2/178 [death yak[Polyphemus] (9)]
 27205 | Shoals:3 | Reached XP level 16. HP: 65/125 MP: 26/26
 27717 | Shoals:4 | Entered Level 4 of the Shoals
 27723 | Shoals:3 | Upgraded the game from 0.17-a0-1767-gccbed74 to 0.17-a0-1769-g54adf96
 27852 | Shoals:4 | Received a gift from Yredelemnul
 27979 | Shoals:4 | Received a gift from Yredelemnul
 27984 | Shoals:4 | Noticed Ilsuiw
 27997 | Shoals:4 | Killed Ilsuiw
 28252 | Shoals:4 | Received a gift from Yredelemnul
 28463 | Shoals:4 | Got a barnacled rune of Zot
 28518 | Shoals:4 | Reached skill level 15 in Invocations
 28518 | Shoals:4 | Received a gift from Yredelemnul
 29491 | Slime:1  | Entered Level 1 of the Pits of Slime
 30182 | Slime:2  | Noticed an acid blob
 30188 | Slime:2  | Killed an acid blob
 30215 | Slime:2  | Received a gift from Yredelemnul
 30235 | Slime:2  | Noticed an acid blob
 30244 | Slime:2  | Killed an acid blob
 30253 | Slime:2  | Reached skill level 10 in Shields
 30382 | Slime:2  | Noticed an acid blob
 30387 | Slime:2  | Killed an acid blob
 30760 | Slime:2  | Gained mutation: You are clumsy. (Dex -2) [a shining eye]
 30848 | Slime:1  | Received a gift from Yredelemnul
 30878 | Slime:1  | Noticed an acid blob
 30883 | Slime:1  | Killed an acid blob
 31218 | Slime:3  | Noticed an acid blob
 31222 | Slime:3  | Killed an acid blob
 31254 | Slime:3  | Noticed an acid blob
 31257 | Slime:3  | Received a gift from Yredelemnul
 31263 | Slime:3  | Killed an acid blob
 31464 | Slime:3  | Upgraded the game from 0.17-a0-1769-g54adf96 to 0.17-a0-1778-gd369669
 31520 | Slime:3  | Noticed an acid blob
 31523 | Slime:3  | Killed an acid blob
 31523 | Slime:3  | Reached XP level 17. HP: 126/133 MP: 28/28
 31651 | Slime:3  | Noticed an acid blob
 31657 | Slime:3  | Killed an acid blob
 31657 | Slime:3  | Reached skill level 5 in Polearms
 31710 | Slime:3  | Received a gift from Yredelemnul
 32891 | Slime:5  | Gained mutation: You are dopey. (Int -2) [a shining eye]
 32895 | Slime:5  | Received a gift from Yredelemnul
 33188 | Slime:5  | Gained mutation: You expend magic power (3 MP) to strengthen your wands. [a shining eye]
 33189 | Slime:5  | HP: 2/199 [acid blob (8)]
 33189 | Slime:5  | Splashed by an acid blob's acid

Vault maps used:
D:1:      dpeg_arrival_rooms_with_view
D:2:      grunt_temple_overflow_opulence, lemuel_zombie_altar_kikubaaqudgha,
          hangedman_decor_riveting, st_stairs_13, uniq_iyjb
D:3:      tgw_fedhas, uniq_robin
D:4:      kennysheep_six_static_rooms, lemuel_crystal_altar,
          overflow_temple_1_default, minmay_temple_entry_poolview, first_bread
D:5:      grunt_temple_overflow_champion_of_chaos, overflow_temple_1_default,
          nicolae_overflow_hidden_temple, amethyst_killhole,
          nicolae_ru_awakened_eye, uniq_grinder, uniq_pikel
D:6:      minmay_goblin_kobold_castle, lemuel_crystal_altar
D:7:      lemuel_insect_pit, kennysheep_mini_moat, uniq_joseph
D:8:      grunt_livestock, nemelex_xobeh_ov_fountains_minmay
D:9:      uniq_psyche, uniq_erica
D:10:     due_lair_maze_entry_diamond, st_stairs_7, uniq_erolcha
Temple:   corrupted_temple
Lair:1:   uniq_grum
Lair:2:   st_stairs_8
Lair:3:   basic_altar, grunt_megastairs_2, uniq_gastronok
Lair:4:   elwin_shoals_entry_stream, nicolae_spider_entry_orb_guardian,
          st_stairs_4
Lair:5:   beast_lair_carwin_9, grunt_megastairs_5, infiniplex_staircase_pool_2,
          serial_bayou_shore_b, uniq_nessos
Lair:6:   st_stairs_8, hibernation_bobbens
Lair:7:   nicolae_slime_entry_slimehenge, minmay_holes,
          infiniplex_staircase_pool
Lair:8:   hangedman_lair_in_review
Shoals:2: uniq_frances
Shoals:3: uniq_polyphemus
Shoals:4: shoals_end_simple, shoal_ilsuiw, hangedman_shoals_cup_caves
Spider:3: uniq_roxanne
Spider:4: spider_rune_water, hangedman_spider_mandibles
Slime:2:  cheibrodos_slime_lost_civilization_6
Slime:3:  nicolae_slime_phagocytosis

Action                   |  1- 3 |  4- 6 |  7- 9 | 10-12 | 13-15 | 16-18 || total
-------------------------+-------+-------+-------+-------+-------+-------++-------
Melee: War axe           |    95 |   158 |   104 |   399 |   667 |       ||  1423
       Hand axe          |       |       |   343 |       |       |       ||   343
       Demon trident     |       |       |       |       |    79 |   329 ||   408
Throw: Throwing net      |       |       |       |       |       |     1 ||     1
Invok: Animate Remains   |       |       |    18 |       |       |       ||    18
       Animate Dead      |       |       |     3 |    44 |   103 |    15 ||   165
       Enslave Soul      |       |       |       |       |     1 |       ||     1
Evoke: Wand              |       |       |       |       |     2 |       ||     2
       Sack of spiders   |       |       |       |       |     1 |       ||     1
  Use: Potion            |     1 |       |     4 |     4 |    22 |     5 ||    36
       Scroll            |       |    14 |     8 |    13 |    23 |    10 ||    68
 Stab: Distracted        |       |     1 |     8 |     8 |    13 |    11 ||    41
       Paralysed         |       |       |       |       |     4 |     2 ||     6
       Invisible         |       |       |       |       |     2 |       ||     2
  Eat: Chunk             |     1 |     6 |    17 |    16 |    11 |     3 ||    54
       Fruit             |       |       |     1 |       |     7 |       ||     8
       Royal jelly       |       |       |       |     3 |       |       ||     3
       Bread ration      |       |       |       |     1 |     7 |     4 ||    12
       Beef jerky        |       |       |       |       |     4 |       ||     4
